 Dungeon Crawl Stone Soup version 0.26-a0-466-g989023bd0d (webtiles) character file.

Game seed: 920871842120083729

23 Ishchenko the Skirmisher (level 3, -3/43 HPs)
             Began as a Human Berserker on July 29, 2020.
             Was a Follower of Trog.
             Slain by a kobold
             ... wielding a +0 short sword
              (5 damage)
             ... on level 2 of the Dungeon.
             The game lasted 00:03:35 (1620 turns).

Ishchenko the Skirmisher (Human Berserker)          Turns: 1620, Time: 00:03:36

Health: -3/43      AC:  2    Str: 18    XL:     3   Next: 12%
Magic:  3/3        EV: 11    Int:  7    God:    Trog [*.....]
Gold:   34         SH:  3    Dex: 12    Spells: 2/2 levels left

rFire    . . .     SeeInvis .   f - +0 whip
rCold    . . .     Faith    .   i - +0 buckler
rNeg     . . .     Spirit   .   g - +0 robe
rPois    .         Reflect  .   (no helmet)
rElec    .         Harm     .   (no cloak)
rCorr    .                      (no gloves)
MR       .....                  (no boots)
Stlth    ..........             (no amulet)
HPRegen  0.14/turn              (no ring)
MPRegen  0.08/turn              (no ring)

@: berserking, very quick
A: no striking features
a: Berserk, Renounce Religion


You were on level 2 of the Dungeon.
You worshipped Trog.
Trog was aware of your devotion.
You visited 1 branch of the dungeon, and saw 2 of its levels.

You collected 34 gold pieces.

Inventory:

Hand Weapons
 f - a +0 whip (weapon)
Armour
 g - a +0 robe (worn)
 i - a +0 buckler (worn)
Scrolls
 a - a scroll of amnesia {unknown}
 b - a scroll of blinking {unknown}
 d - 4 scrolls of identify {unknown}
 h - a scroll of teleportation {unknown}
 j - a scroll of fear {unknown}
Potions
 c - a potion of flight {unknown}
 e - a potion of brilliance {unknown}
 k - 2 potions of might {unknown}
 l - a potion of berserk rage {unknown}


   Skills:
 + Level 3.4 Fighting
   Level 3.0 Long Blades
 + Level 0.3 Maces & Flails
 + Level 2.3 Armour
 + Level 2.2 Dodging
 + Level 0.5 Stealth


You had 2 spell levels left.
You didn't know any spells.
Your spell library was empty.

Dungeon Overview and Level Annotations

Branches:
Dungeon (2/15)

Altars:
Yredelemnul


Message History

You block the human's attack.
A goblin comes into view. It is wielding a +0 dagger.
The goblin shouts!
The goblin closely misses you. The goblin barely misses you.
Found a stone staircase leading down.
A kobold comes into view. It is wielding a +0 short sword.
The kobold shouts!
An adder comes into view.
The adder hisses angrily.
A kobold comes into view. It is wielding a +0 short sword.
A hobgoblin comes into view.
The kobold shouts!
The hobgoblin shouts!
The adder bites you.
* * * LOW HITPOINT WARNING * * *
The kobold hits you but does no damage. The adder completely misses you.
A red film seems to cover your vision as you go berserk!
You feel yourself moving faster!
You feel mighty!
The kobold hits you with a +0 short sword.
You die...

#. .# ..
..###.#?##b###....# ....
#...........##....#
..........!...<.......>.
...#.#.g........ #.....#
#.....K....#..###.....[
......# #...#<#....?.
#.#K.# #.$##.##.....
#.S@.# #.....)......
###p##.......#.....#
#.#####.####.....# #g.#
#.#......... ##.#
#.#.##...... #.##
#.#.##.....# #..#
#......###.# ##.#
#.###..#.'.# #.# #.#
#..###.#


You could see a human, an adder, a hobgoblin, a goblin and 2 kobolds.

Vanquished Creatures
  A leopard gecko (D:1)
  A giant cockroach (D:1)
  4 hobgoblins
  5 kobolds (D:1)
  5 bats (D:1)
  5 rats (D:1)
21 creatures vanquished.

Notes
Turn   | Place    | Note
-------+----------+-------------------------------------------
     0 | D:1      | Ishchenko the Human Berserker began the quest for the Orb.
     0 | D:1      | Reached XP level 1. HP: 18/18 MP: 1/1
   706 | D:1      | Reached XP level 2. HP: 16/24 MP: 2/2
  1265 | D:1      | Reached XP level 3. HP: 20/29 MP: 3/3
  1560 | D:2      | Found a runed translucent door.
  1560 | D:2      | Noticed a human
  1578 | D:2      | Found a basalt altar of Yredelemnul.
  1618 | D:2      | HP: 1/29 [adder (5)]
  1620 | D:2      | Slain by a kobold

Illustrated notes

Levels and vault maps discovered:
D:1:      minmay_arrival_five_plusses, layout_loops_ring, st_stairs_9
D:2:      layout_basic, nicolae_overflow_crystal_walls, tgw_xom,
          serial_park_tiny_pond, dk_yredelemnul_ordeal

Action                   || total
-------------------------++-------
Melee: Whip              ||    70
       Falchion          ||     8
Invok: Berserk           ||     1
 Stab: Sleeping          ||     1
Armor: Animal skin       ||     2
       Robe              ||    12
Dodge: Dodged            ||    46
Block: Buckler           ||     8
       Rpst.: Falchion   ||     2

Table legend: (Time is in decaauts)
 A = Elapsed time spent in this place.
 B = Non-inter-level travel time spent in this place.
 C = Inter-level travel time spent in this place.
 D = Time resting spent in this place.
 E = Time spent auto-exploring this place.
 F = Levels seen in this place.
 G = Mean time per level.
                   A        B        C        D        E       F      G
               +--------+--------+--------+--------+--------+-----+--------+
         Total |   1629 |   1623 |      6 |    452 |    900 |   2 |  814.5 |
       Dungeon |   1629 |   1623 |      6 |    452 |    900 |   2 |  814.5 |
               +--------+--------+--------+--------+--------+-----+--------+

Top non-repeatable levels by time:
     D:1: 1566 daAuts
     D:2: 63 daAuts
